 Dungeon Crawl Stone Soup version 0.29.1-12-g30fa7ad0bf (webtiles) character file.

Game seed: 9496686890305174879

7230 wormed the Grappler (level 10, -10/98 HPs)
             Began as a Troll Gladiator on Dec 23, 2022.
             Was an Initiate of Ru.
             Shot with an arrow by a centaur warrior (19 damage)
             ... on level 9 of the Dungeon.
             The game lasted 00:13:50 (8064 turns).

wormed the Grappler (Troll Gladiator)               Turns: 8064, Time: 00:13:51

Health: -10/98     AC:  5    Str: 28    XL:     10   Next: 88%
Magic:  0/9        EV: 11    Int:  4    God:    Ru [......]
Gold:   541        SH:  0    Dex: 11    Spells: 9/9 levels left

rFire   . . .      SeeInvis +     - Unarmed
rCold   . . .      Faith    .   (no shield)
rNeg    . . .      Spirit   +   a - +0 robe
rPois   .          Reflect  .   b - +0 hat
rElec   .          Harm     .   v - +0 cloak
rCorr   .          Rampage  .   (gloves unavailable)
Will    +....                   (boots unavailable)
Stlth   +.........              y - amulet of guardian spirit
HPRegen 1.06/turn               r - ring of willpower
MPRegen 0.11/turn               o - ring of see invisible

@: no status effects
A: large, unfitting armour, claws 3, regeneration 1, shaggy fur 1, tough skin 1
a: Renounce Religion


You were on level 9 of the Dungeon.
You worshipped Ru.
Ru was noncommittal.
You visited 2 branches of the dungeon, and saw 10 of its levels.

You collected 541 gold pieces.

Inventory:

Missiles
 c - 6 throwing nets
 d - 6 large rocks (quivered)
Armour
 a - a +0 robe (worn)
 b - a +0 hat (worn)
 v - a +0 cloak (worn)
Jewellery
 g - a ring of resist corrosion
 h - a +6 ring of dexterity
 o - a ring of see invisible (right claw)
 r - a ring of willpower (left claw)
 s - an amulet of magic regeneration
 y - an amulet of guardian spirit (around neck)
 H - a +6 ring of intelligence
 L - a +4 ring of evasion
Wands
 A - a wand of polymorph (12)
 D - a wand of roots (17)
Scrolls
 j - 3 scrolls of brand weapon {unknown}
 k - 2 scrolls of enchant weapon
 l - 3 scrolls of noise {unknown}
 n - 6 scrolls of teleportation
 p - 3 scrolls of poison {unknown}
 q - 2 scrolls of summoning {unknown}
 t - a scroll of immolation {unknown}
 u - a scroll of vulnerability {unknown}
 w - a scroll of fear {unknown}
 x - a scroll of magic mapping {unknown}
 z - 3 scrolls of fog {unknown}
 B - 2 scrolls of blinking {unknown}
 E - 3 scrolls of amnesia {unknown}
 J - a scroll of acquirement {unknown}
 M - a scroll of identify
Potions
 e - 7 potions of mutation
 f - 2 potions of resistance
 i - 4 potions of attraction
 m - a potion of haste {unknown}
 C - a potion of curing {unknown}
 F - 2 potions of might {unknown}
 G - a potion of invisibility {unknown}
 I - a potion of magic {unknown}
 K - a potion of lignification {unknown}


   Skills:
 + Level 5.9 Fighting
 + Level 6.5 Throwing
 + Level 5.5 Armour
 + Level 6.2 Dodging
 * Level 10.3 Unarmed Combat


You had 9 spell levels left.
You didn't know any spells.
Your spell library contained the following spells:

 Spells                   Type           Power      Damage    Failure   Level
 Magic Dart               Conj           0%         1d3       50%         1
 Call Imp                 Summ           0%         N/A       65%         2
 Mephitic Cloud           Conj/Pois/Air  0%         N/A       86%         3
 Portal Projectile        Hex/Tloc       0%         N/A       86%         3
 Tukima's Dance           Hex            0%         N/A       86%         3
 Summon Ice Beast         Ice/Summ       0%         N/A       99%         4
 Blade Hands              Tmut           0%         N/A       100%        5
 Summon Mana Viper        Hex/Summ       0%         N/A       100%        5
 Monstrous Menagerie      Summ           0%         N/A       100%        7


Dungeon Overview and Level Annotations

Branches:
Dungeon (9/15)             Temple (1/1) D:6            Lair (0/5) D:8
    Orc: D:9-12

Altars:
Ashenzari
Cheibriados
Dithmenos
Elyvilon
Fedhas
Gozag
Hepliaklqana
Kikubaaqudgha
Makhleb
Nemelex Xobeh
Okawaru
Qazlal
Ru
Sif Muna
Trog
Uskayaw
Vehumet
Wu Jian
Xom
Yredelemnul
Zin
The Shining One

Shops:
D:6 (


Innate Abilities, Weirdness & Mutations

You are too large for most types of armour.
You have claws for hands.
Your natural rate of healing is unusually fast.
You are covered in fur. (AC +1)
You have tough skin. (AC +1)


Message History

There is an open door here.
As you open the door, it creaks loudly!
There is an open door here.
You open the door.
There is an open door here.
You see here a bat corpse.
You open the door.
There is an open door here.
There is a sacrificial altar of Ru here.
There is an open door here.
There is an open door here.
You see here 6 stones.
There is an open door here.
There is an open door here.
You open the door.
There is an open door here.
You open the door.
A centaur warrior comes into view.
A centaur warrior is nearby!
The centaur warrior wields a +0 shortbow.
The centaur warrior shoots an arrow.
The arrow hits you!
There is an open door, spattered with blood here.
The centaur warrior shoots an arrow.
The arrow hits you!!
The centaur warrior shoots an arrow.
The arrow hits you!!
The centaur warrior shoots an arrow.
The arrow hits you!
The centaur warrior shoots an arrow.
The arrow hits you!
* * * LOW HITPOINT WARNING * * *
The centaur warrior shoots an arrow.
The arrow hits you!
* * * LOW HITPOINT WARNING * * *
The centaur warrior shoots an arrow.
The arrow closely misses you.
There is an open door here.
The centaur warrior shoots an arrow.
The arrow hits you!
* * * LOW HITPOINT WARNING * * *
You close the door.
Something unseen opens the door.
The centaur warrior shoots an arrow.
The arrow hits you!
* * * LOW HITPOINT WARNING * * *
There is an open door, spattered with blood here.
The centaur warrior shoots an arrow.
The arrow hits you!!
You die...

....# #####........# ......#
....# #...'........#### ......#
....###.###........'..###......#
........# #.......c##...#......#
....##### #........####.'c..?...
....# #........# ###....~~. ...)#
#........# ..~~~≈~ ....#
######'### ..≈≈≈~≈ ##### #@#
.#~~~.~ ...# #.## ##≈~.≈# ##'###
#..# ≈≈≈# .....# ##.# ≈≈≈# .....#
#######'### ### ## .....#
####.........# ###.# #. .....#
#..'.........# #.<.# #.
.....###.##.........###.#<## ##.
.....'...##.........##..#..####..


You could see a centaur warrior.

Vanquished Creatures
  3 two-headed ogres
  A deep elf zephyrmancer (D:9)
  2 komodo dragons
  A wyvern (D:6)
  4 yaks
  A steam dragon (D:6)
  2 orc warriors
  3 ice beasts
  3 ogres
  A sky beast (D:8)
  5 black bears (D:8)
  A centaur (D:7)
  3 phantoms
  8 bullfrogs
  A necrophage (D:6)
  2 gnoll sergeants
  2 scorpions
  3 wights (D:7)
  4 howler monkeys
  4 hounds
  2 orc priests
  A jelly (D:4)
  3 gnoll boudas
  Natasha (D:2)
  8 iguanas
  2 orc wizards
  Robin (D:2)
  26 gnolls
  7 adders
  A shadow imp (D:5)
  4 white imps
  2 ufetubi
  5 dart slugs
  17 orcs
  9 ball pythons
  5 bats
  8 endoplasms
  2 giant cockroaches
  9 goblins
  9 hobgoblins
  3 quokkas
  4 frilled lizards
  3 kobolds
  2 rats
188 creatures vanquished.

Vanquished Creatures (others)
  47 fungi (D:8)
  34 plants
81 creatures vanquished.

Grand Total: 269 creatures vanquished

Notes
Turn   | Place    | Note
-------+----------+-------------------------------------------
     0 | D:1      | wormed the Troll Gladiator began the quest for the Orb.
     0 | D:1      | Reached XP level 1. HP: 19/19 MP: 0/0
    64 | D:1      | Found a faded altar of an unknown god.
   425 | D:1      | Reached XP level 2. HP: 19/28 MP: 1/1
   691 | D:2      | Reached XP level 3. HP: 34/35 MP: 2/2
   767 | D:2      | Reached XP level 4. HP: 14/42 MP: 3/3
   876 | D:2      | Reached skill level 1 in Armour
   894 | D:2      | Noticed Robin
   939 | D:2      | Killed Robin
   942 | D:2      | Reached skill level 4 in Unarmed Combat
   981 | D:2      | Noticed Natasha
   986 | D:2      | Killed Natasha
  1431 | D:3      | Reached XP level 5. HP: 49/49 MP: 4/4
  1442 | D:3      | You fall into a shaft and drop 3 floors!
  1446 | D:6      | Noticed an ice beast
  1451 | D:6      | Killed an ice beast
  1492 | D:6      | Reached XP level 6. HP: 39/59 MP: 5/5
  1552 | D:6      | Found Nulesk Poit's Weapon Emporium.
  1633 | D:6      | Reached skill level 5 in Unarmed Combat
  1695 | D:5      | Entered Level 5 of the Dungeon
  2250 | D:3      | Reached XP level 7. HP: 66/66 MP: 6/6
  2994 | D:4      | Found a shadowy altar of Dithmenos.
  3421 | D:5      | Reached skill level 6 in Unarmed Combat
  4148 | D:6      | Reached XP level 8. HP: 57/75 MP: 7/7
  4199 | D:6      | Found a staircase to the Ecumenical Temple.
  4209 | Temple   | Entered the Ecumenical Temple
  4445 | D:6      | Reached skill level 7 in Unarmed Combat
  4886 | D:7      | Reached XP level 9. HP: 60/84 MP: 8/8
  5459 | D:7      | Noticed a komodo dragon
  5537 | D:7      | Reached skill level 5 in Throwing
  5568 | D:7      | Reached skill level 8 in Unarmed Combat
  5621 | D:7      | Killed a komodo dragon
  5622 | D:7      | Reached skill level 5 in Dodging
  5691 | D:8      | Noticed a komodo dragon
  5805 | D:8      | Killed a komodo dragon
  5806 | D:8      | Reached skill level 5 in Fighting
  5899 | D:8      | Found a staircase to the Lair.
  5903 | D:8      | Reached skill level 9 in Unarmed Combat
  5908 | D:8      | Reached XP level 10. HP: 62/96 MP: 4/9
  6191 | D:8      | Noticed a two-headed ogre
  6201 | D:8      | Killed a two-headed ogre
  6367 | D:8      | Noticed a two-headed ogre
  6444 | D:7      | Killed a two-headed ogre
  6445 | D:7      | Reached skill level 5 in Armour
  6641 | D:8      | Found a hide-covered altar of Uskayaw.
  6650 | D:8      | Found a snail-covered altar of Cheibriados.
  6746 | D:8      | Found a radiant altar of Vehumet.
  6750 | D:8      | Found an ancient bone altar of Kikubaaqudgha.
  6751 | D:8      | Found a shimmering blue altar of Sif Muna.
  7264 | D:9      | Noticed a deep elf zephyrmancer
  7271 | D:9      | Killed a deep elf zephyrmancer
  7358 | D:9      | Reached skill level 10 in Unarmed Combat
  7520 | D:9      | Noticed a two-headed ogre
  7594 | D:8      | Killed a two-headed ogre
  7776 | D:9      | Found a sacrificial altar of Ru.
  7792 | D:9      | Became a worshipper of Ru the Awakened
  8050 | D:9      | Noticed a centaur warrior
  8064 | D:9      | Shot with an arrow by a centaur warrior

Illustrated notes

Levels and vault maps discovered:
D:1:      lightli_molten_gateway, layout_rooms,
          chequers_ecumenical_altar_simple, chequers_serial_rivers_room_b
D:2:      minmay_angry_zag, layout_basic, uniq_robin, uniq_natasha
D:3:      layout_loops_ring
D:4:      minmay_skewed_foursquare, layout_gridville,
          mainiacjoe_overflow_catwalk
D:5:      layout_gridville
D:6:      layout_rooms, minmay_temple_entry_steel_oval, serial_shops, shop
D:7:      layout_gridville, dk_noncrumbling_4, minmay_lizard_king
D:8:      layout_layer_cave, mainiacjoe_overflow_swirl,
          grunt_temple_overflow_magic_moments, due_lair_maze_entry_diamond,
          grunt_ministairs_10, nicolae_figureground_sparkle
D:9:      layout_roguey, nicolae_ru_great_annihilating_truth,
          chequers_serial_rivers_large_a, corner_web_ring,
          guppyfry_early_elven_hall
Temple:   hellmonk_temple_of_storms

Skill      XL: |  1  2  3  4  5  6  7  8  9 10 |
---------------+-------------------------------+-----
Throwing       | 2 3 4 5 6 |  6.5
Fighting       | 2 3 4 5 |  5.9
Armour         | 1 2 3 4 5 |  5.5
Unarmed Combat | 4 5 6 7 9 10 | 10.3
Dodging        | 3 4 5 6 |  6.2

Action                   |  1- 3 |  4- 6 |  7- 9 | 10-12 || total
-------------------------+-------+-------+-------+-------++-------
Melee: Unarmed           |    67 |   122 |   271 |   141 ||   601
       Punch             |     1 |     3 |    13 |     9 ||    26
Throw: Large rock        |       |       |     1 |     1 ||     2
Evoke: Wand              |       |       |     1 |       ||     1
  Use: Scroll            |       |       |     6 |       ||     6
       Potion            |       |       |     2 |       ||     2
 Stab: Sleeping          |     3 |       |       |       ||     3
       Paralysed         |       |       |       |     1 ||     1
Armor: Robe              |    18 |    22 |    63 |    28 ||   131
Dodge: Dodged            |    27 |    66 |   131 |    80 ||   304
